 Dungeon Crawl Stone Soup version 0.22-a0-410-g97be04f (webtiles) character file.

3786 Atlas the Thaumaturge (level 9, 0/63 HPs)
             Began as a Mummy Necromancer on May 11, 2018.
             Was an Initiate of Gozag.
             Slain by a bog mummy (16 damage)
             ... in an ossuary.
             The game lasted 00:15:27 (9866 turns).

Atlas the Thaumaturge (Mummy Necromancer)           Turns: 9866, Time: 00:15:28

Health: 0/63       AC:  7    Str: 12    XL:     9   Next: 95%
Magic:  23/23      EV: 13    Int: 17    God:    Gozag
Gold:   554        SH:  0    Dex: 12    Spells: 24/28 levels left

rFire    x . .     SeeInvis +   c - +2 whip (flame)
rCold    + . .     Gourm    .   (no shield)
rNeg     + + +     Faith    .   h - +1 leather armour
rPois    ∞         Spirit   .   (no helmet)
rElec    .         Reflect  .   k - +0 cloak
rCorr    .         Harm     .   d - +0 pair of gloves
MR       +....                  f - +0 pair of boots
Stlth    +.........             b - amulet of the acrobat
HPRegen  0.20/turn              j - ring of wizardry
MPRegen  0.18/turn              q - ring of see invisible

@: no status effects
A: no food or potions, fire vulnerability, cold resistance 1, negative energy
resistance 3, torment resistance, unbreathing
a: Potion Petition, Call Merchant, Bribe Branch, Renounce Religion


You were in an ossuary.
You worshipped Gozag.
Gozag was pleased with you.
You were not hungry.

You visited 2 branches of the dungeon, and saw 9 of its levels.
You also visited: Sewer and Ossuary.

You collected 639 gold pieces.
You paid 85 gold pieces to Gozag.

Inventory:

Hand Weapons
 c - a +2 whip of flaming (weapon)
Armour
 d - a +0 pair of gloves (worn)
 f - a +0 pair of boots (worn)
 h - a +1 leather armour (worn)
 k - a +0 cloak (worn)
Jewellery
 b - an amulet of the acrobat (around neck)
 j - a ring of wizardry (left hand)
 q - a ring of see invisible (right hand)
Wands
 n - a wand of polymorph (13)
 r - a wand of disintegration (1)
Scrolls
 a - 4 scrolls of enchant weapon
 e - a scroll of enchant armour
 g - a scroll of random uselessness
 i - a scroll of immolation
 l - 2 scrolls of teleportation
 m - a scroll of fear
 o - 2 scrolls of remove curse
 p - 4 scrolls of identify


   Skills:
 + Level 3.1 Fighting
 + Level 4.1 Maces & Flails
 + Level 3.6 Armour
 + Level 3.8 Dodging
 - Level 1.5 Stealth
 + Level 10.1 Spellcasting
 + Level 8.7 Necromancy
 + Level 0.6 Evocations


You had 24 spell levels left.
You knew the following spells:

 Your Spells              Type           Power        Failure   Level  Hunger
a - Pain                  Necr           ####         1%          1    N/A
c - Vampiric Draining     Necr           #####.....   1%          3    N/A

Dungeon Overview and Level Annotations

Branches:
Dungeon (8/15)             Temple (1/1) D:6
   Lair: D:8-11

Altars:
Ashenzari
Cheibriados
Dithmenos
Fedhas
Gozag
Hepliaklqana
Kikubaaqudgha
Makhleb
Nemelex Xobeh
Okawaru
Qazlal
Ru
Sif Muna
Trog
Uskayaw
Wu Jian
Xom
Yredelemnul
Zin
The Shining One
Jiyva


Innate Abilities, Weirdness & Mutations

You do not eat or drink.
Your flesh is vulnerable to fire.
You are immune to poison.
Your flesh is cold resistant. (rC+)
You are immune to negative energy. (rN+++)
You are immune to unholy pain and torment.
You can survive without breathing.


Message History

There is an open door here.
You hit the bog mummy. You burn the bog mummy.
The bog mummy is lightly damaged.
The bog mummy gestures at you while chanting.
The puff of frost hits you! You resist.
You are too injured to fight recklessly!
You are too injured to fight recklessly!
You barely miss the bog mummy.
The bog mummy is lightly damaged.
You hit the bog mummy. You burn the bog mummy.
The bog mummy is moderately damaged.
The bog mummy hits you!
* * * LOW HITPOINT WARNING * * *
You hit the bog mummy. You burn the bog mummy.
The bog mummy is heavily damaged.
You barely miss the bog mummy.
The bog mummy is heavily damaged.
The bog mummy hits you!
You die...
Your body crumbles into a pile of gold.

###.#####≈###
#.'.'.#.$$'.#
###.#####.###
#.'.#..∩#.#
###.'.∩.#.#
#.'.#...#.#
###.#####.#####.#
#.'......M......'
###'#'#+#@#'#'#+#
#.#.# #.#.# #####
### #


You could see a bog mummy.

Vanquished Creatures
  Psyche (D:8)
  The ghost of necromuncher the Sneak, a novice OpAs of Dithmenos (D:4)
  A black bear (D:7)
  An ice beast (D:5)
  An orc warrior (D:7)
  2 sky beasts (D:5)
  7 ogres
  3 centaurs
  2 big kobolds
  3 bullfrogs
  A wyvern zombie (Ossuary)
  A water moccasin zombie (Ossuary)
  3 scorpions
  2 wights (D:6)
  3 vampire bats (D:2)
  3 crimson imps
  3 centaur zombies
  A jelly (D:5)
  A bullfrog zombie (Ossuary)
  2 orc wizards
  A hound (D:6)
  An orc priest (D:6)
  2 bullfrog skeletons
  An iguana (D:6)
  4 worker ants
  A hound zombie (Ossuary)
  A hound skeleton (D:7)
  11 mummies (Ossuary)
  3 worker ant zombies (Ossuary)
  A howler monkey skeleton (D:4)
  16 adders
  5 river rats
  A shadow imp (D:6)
  2 oozes (D:2)
  3 adder zombies (Ossuary)
  6 worms
  2 dart slugs (D:1)
  8 leopard geckos
  12 orcs
  5 bats
  3 bat skeletons (D:2)
  3 bat zombies (D:2)
  3 giant cockroaches
  6 hobgoblins
  4 jackals
  15 kobolds
  3 quokkas
  2 ball pythons
  A frilled lizard (D:2)
  7 goblins
  A jackal zombie (Ossuary)
  12 rats
188 creatures vanquished.

Vanquished Creatures (others)
  A gnoll (D:4)
  An orc (D:4)
  A giant cockroach (D:4)
  A leopard gecko skeleton (D:4)
  2 withered plants (Ossuary)
6 creatures vanquished.

Grand Total: 194 creatures vanquished

Notes
Turn   | Place    | Note
-------+----------+-------------------------------------------
     0 | D:1      | Atlas the Mummy Necromancer began the quest for the Orb.
     0 | D:1      | Reached XP level 1. HP: 13/13 MP: 4/4
   261 | D:1      | Reached XP level 2. HP: 19/19 MP: 0/5
   486 | D:1      | Reached skill level 3 in Spellcasting
  1005 | D:2      | Reached XP level 3. HP: 24/24 MP: 5/7
  1058 | D:1      | Learned a level 3 spell: Vampiric Draining
  1395 | D:2      | Found an ancient bone altar of Kikubaaqudgha.
  1409 | D:2      | Reached skill level 4 in Spellcasting
  1409 | D:2      | Reached XP level 4. HP: 19/30 MP: 10/10
  1423 | D:2      | Reached skill level 1 in Armour
  1423 | D:2      | Reached XP level 5. HP: 20/35 MP: 11/11
  1675 | D:2      | Reached skill level 5 in Necromancy
  1898 | D:2      | Reached skill level 1 in Maces & Flails
  1909 | D:2      | Found a burning altar of Makhleb.
  2233 | D:3      | Reached XP level 6. HP: 27/42 MP: 5/13
  2686 | D:3      | Reached skill level 5 in Spellcasting
  3355 | D:4      | Found a shimmering altar of Xom.
  3526 | D:4      | Noticed necromuncher's ghost (novice OpAs)
  3714 | D:4      | Killed necromuncher's ghost
  3714 | D:4      | Reached skill level 1 in Fighting
  3714 | D:4      | Reached XP level 7. HP: 46/48 MP: 10/15
  4177 | D:5      | Entered Level 5 of the Dungeon
  4216 | D:5      | Reached skill level 6 in Spellcasting
  4661 | D:5      | Reached XP level 8. HP: 30/54 MP: 11/17
  5151 | D:5      | Reached skill level 7 in Spellcasting
  5826 | D:5      | Found a bloodstained altar of Trog.
  6338 | D:6      | Found a glowing drain.
  6345 | Sewer    | Entered a sewer
  6465 | Sewer    | Reached skill level 8 in Spellcasting
  6496 | Sewer    | Found a glowing silver altar of Zin.
  6585 | D:6      | Found a glowing golden altar of the Shining One.
  6585 | D:6      | Found a sacrificial altar of Ru.
  6586 | D:6      | Found a hide-covered altar of Uskayaw.
  6683 | D:6      | Reached XP level 9. HP: 46/61 MP: 14/21
  6999 | D:6      | Found a hazy altar of Hepliaklqana.
  7604 | D:6      | Found a staircase to the Ecumenical Temple.
  7613 | Temple   | Entered the Ecumenical Temple
  7657 | Temple   | Became a worshipper of Gozag Ym Sagoz the Greedy
  8039 | D:7      | Reached skill level 9 in Spellcasting
  8889 | D:7      | Found a deep blue altar of Sif Muna.
  8991 | D:8      | Noticed Psyche
  8994 | D:8      | Paralysed by Psyche for 2 turns
  9004 | D:8      | Killed Psyche
  9012 | D:8      | Found a sand-covered staircase.
  9020 | Ossuary  | Entered an ossuary
  9158 | Ossuary  | Reached skill level 10 in Spellcasting
  9866 | Ossuary  | Slain by a bog mummy

Vault maps used:
D:1:      dpeg_chamrin_arrival_tetris
D:2:      kennysheep_vampire_church, makhleb_grotto_becter, first_ration
D:4:      xom_confusion_cloud
D:5:      lightli_temple_of_fire, serial_co_window_serial,
          co_window_of_opportunity_a, co_window_corner_a, co_window_paths_a,
          co_window_paths_b, co_window_paths_b, co_window_paths_a,
          co_window_corner_b, co_window_corner_ca, co_window_of_opportunity_b,
          co_window_4corner_a, glass_columns_c, st_stairs_13
D:6:      lemuel_crystal_altar, grunt_temple_overflow_open,
          minmay_temple_entry_poolview, lightli_sewer_entry_pipes,
          serial_park_tiny_2
D:7:      lemuel_blue_sif_altar, bh_walls_and_bars
D:8:      vehumet_statue, elyvilon_altar_1, serial_curves, eino_curves_01,
          eino_curves_04, enter_ossuary_4, minmay_misc_feat_rows,
          hangedman_feature_mirror, grunt_pizzeria, uniq_prince_ribbit1,
          uniq_pikel, uniq_psyche
Temple:   pf_slimified_temple
Sewer:    sewer_kobolds
Ossuary:  ossuary_zaba_flooded

Skill      XL: |  1  2  3  4  5  6  7  8  9 |
---------------+----------------------------+-----
Spellcasting   | 3 4 5 6 8 10 | 10.1
Armour         | 1 2 3 |  3.6
Dodging        | 2 3 |  3.8
Necromancy     | 5 6 7 8 |  8.7
Maces & Flails | 1 2 3 4 |  4.1
Fighting       | 1 2 3 |  3.1
Stealth        | |  1.5
Evocations     | |  0.6

Action                   |  1- 3 |  4- 6 |  7- 9 || total
-------------------------+-------+-------+-------++-------
Melee: Whip              |    28 |   130 |   490 ||   648
 Cast: Pain              |    56 |    50 |   124 ||   230
       Vampiric Draining |     2 |     3 |    36 ||    41
Evoke: Wand              |       |       |    15 ||    15
  Use: Scroll            |       |     1 |     9 ||    10
 Stab: Sleeping          |       |       |     3 ||     3
       Distracted        |       |       |     2 ||     2
Armor: Robe              |     3 |       |       ||     3
       Leather armour    |    31 |    56 |   151 ||   238
Dodge: Dodged            |    55 |    92 |   315 ||   462

Table legend:
 A = Spawn XP
 B = Non-spawn XP
 C = Spawn XP percentage of total XP
 D = Spawn monster count
 E = Non-spawn monster count
 F = Spawn count percentage of total count
 G = Total turns spent on level
                    A         B        C        D         E        F      G
               +---------+---------+-------+---------+---------+-------+---------
         Total |       0 |    5409 |   0.0 |       0 |     188 |   0.0 |  9866
               +---------+---------+-------+---------+---------+-------+---------
           D:1 |       0 |      39 |   0.0 |       0 |      19 |   0.0 |  1049
           D:2 |       0 |     328 |   0.0 |       0 |      38 |   0.0 |  1147
           D:3 |       0 |     146 |   0.0 |       0 |      12 |   0.0 |  1022
           D:4 |       0 |     561 |   0.0 |       0 |      12 |   0.0 |   959
           D:5 |       0 |    1297 |   0.0 |       0 |      20 |   0.0 |  2355
           D:6 |       0 |     799 |   0.0 |       0 |      31 |   0.0 |   928
           D:7 |       0 |    1045 |   0.0 |       0 |      20 |   0.0 |  1252
           D:8 |       0 |     434 |   0.0 |       0 |       1 |   0.0 |    60
         Sewer |       0 |     122 |   0.0 |       0 |      11 |   0.0 |   190
       Ossuary |       0 |     638 |   0.0 |       0 |      24 |   0.0 |   846
               +---------+---------+-------+---------+---------+-------+---------
